Blackhawks vs Flyers

Created - 22 février 2016 at 23:12

Goals
1 2 3 T
Blackhawks 1 2 0 3
Flyers 3 1 1 5
Shots
1 2 3 T
Blackhawks 9 10 10 29
Flyers 14 14 3 31

1st period

1. Flyers , Loui Eriksson 16 (Kyle Wellwood, Robyn Regehr) at 2:13
2. Flyers , Matthew Lombardi 14 (Rostislav Olesz, Stephane Robidas) at 6:15
3. Flyers , Martin St. Louis 21 (Jonathan Ericsson) at 13:03
4. Blackhawks , Sheldon Keefe 9 (Dominic Moore, Daniel Carcillo) at 14:25

Penalties :
No Penalty

2nd period

5. Blackhawks , Steve Bernier 6 (Chris Higgins, Chris Campoli) at 5:47 (PP)
6. Flyers , Dany Heatley 24 (Kyle Wellwood, Jeff Woywitka) at 12:46 (SH)
7. Blackhawks , Henrik Zetterberg 26 (Robert Nilsson) at 18:37 (PP)

Penalties :
Martin St. Louis (Phi) for Hooking (Minor) at 4:06, Martin St. Louis (Phi) for Holding (Minor) at 11:59, Stephane Robidas (Phi) for Holding (Minor) at 14:36, Kyle Wellwood (Phi) for Hooking (Minor) at 18:28, Loui Eriksson (Phi) for Interference (Minor) at 19:01

3rd period

8. Flyers , Mike York 8 (Jeff O'Neill) at 13:30

Penalties :
Matt Smaby (Phi) for Tripping (Minor) at 3:05, Chris Campoli (Chi) for Hooking (Minor) at 5:58, John Carlson (Chi) for Roughing (Minor) at 9:56, Matt Smaby (Phi) for Tripping (Minor) at 14:08

Goalie Stats

Tyler Weiman (Chi), 26 saves from 31 shots - (0,839), L, 24-17-4, 60:00 minutes
Cory Schneider (Phi), 26 saves from 29 shots - (0,897), W, 18-5-2, 60:00 minutes

Players Stats for Blackhawks

Player Name              G  A  P  +/- PIM S  H  SB GA TA FO     MP     PP MP  PK MP  
------------------------------------------------------------------------------------
Andy Rogers              0  0  0  -1  0   0  2  2  0  0  0/0    16:17   0:00   2:05 
Brent Burns              0  0  0  -3  0   1  1  0  0  1  0/0    28:33   7:16   1:53 
Chris Campoli            0  1  1   0  2   1  1  1  0  1  0/0    15:23   4:29   0:00 
Chris Higgins            0  1  1  -1  0   1  0  0  1  0  0/1    20:35   4:55   0:55 
Daniel Carcillo          0  1  1   0  0   0  0  0  0  0  0/0     9:23   0:00   0:00 
Dominic Moore            0  1  1   0  0   2  1  0  0  0  2/7    11:47   0:00   2:21 
Henrik Zetterberg        1  0  1  -2  0   3  2  1  1  0  0/0    19:53   6:50   0:00 
Jamie Langenbrunner      0  0  0  -1  0   2  0  0  1  0  1/2     9:27   0:00   2:21 
Jeff Schultz             0  0  0  -1  0   0  0  2  0  2  0/0    23:58   4:29   2:05 
John Carlson             0  0  0  -3  2   1  1  3  0  2  0/0    24:19   7:16   0:00 
Kris Versteeg            0  0  0  -2  0   3  0  1  0  0  0/0    21:27   6:50   0:00 
Pierre-Marc Bouchard     0  0  0  -1  0   4  0  1  1  0  6/15   18:34   4:55   0:28 
Robert Nilsson           0  1  1  -2  0   6  2  1  0  0  22/42  21:27   6:50   0:00 
Ryan Malone              0  0  0  -1  0   0  1  0  0  0  0/0     7:06   0:00   0:00 
Sheldon Keefe            1  0  1   0  0   2  3  1  0  0  0/1    10:29   0:00   1:09 
Steve Bernier            1  0  1  -1  0   1  2  0  0  1  0/1    17:52   4:55   0:00 
Viktor Kozlov            0  0  0  -1  0   2  0  2  0  0  1/2     7:48   0:00   0:42 
Wes O'Neill              0  0  0   0  0   0  1  0  0  0  0/0    11:42   0:00   1:53 

Players Stats for Flyers

Player Name              G  A  P  +/- PIM S  H  SB GA TA FO     MP     PP MP  PK MP  
------------------------------------------------------------------------------------
Dany Heatley             1  0  1   2  0   3  1  0  1  0  1/2    20:49   1:56   4:19 
James Wisniewski         0  0  0   2  0   1  0  0  0  1  0/0     9:40   0:00   1:35 
Jeff Carter              0  0  0   1  0   3  1  0  0  0  17/24  17:39   1:56   0:57 
Jeff O'Neill             0  1  1   1  0   0  2  0  0  0  4/6     7:42   0:00   0:00 
Jeff Woywitka            0  1  1   1  0   1  0  2  0  2  0/0    28:15   2:14   7:30 
Jonathan Ericsson        0  1  1   1  0   2  0  3  0  0  0/0    28:15   2:14   7:30 
Kyle Wellwood            0  2  2   2  2   1  1  0  2  0  12/22  20:01   2:02   3:22 
Loui Eriksson            1  0  1   1  2   2  3  0  1  0  0/0    17:28   2:02   0:00 
Martin St. Louis         1  0  1   1  4   5  3  1  2  0  0/0    16:22   1:56   0:00 
Matt Smaby               0  0  0   1  4   1  1  0  0  0  0/0    22:11   1:44   2:40 
Matthew Lombardi         1  0  1   0  0   1  1  2  0  0  5/17   14:37   0:00   7:26 
Michael Ryder            0  0  0   0  0   0  0  0  0  0  0/0     7:13   0:00   0:00 
Michel Ouellet           0  0  0   1  0   3  0  0  0  0  0/0    14:46   0:00   7:26 
Mike York                1  0  1   1  0   2  0  0  0  0  0/0     7:49   0:00   0:00 
Patrick Marleau          0  0  0   1  0   4  0  0  1  0  0/0    16:39   2:02   0:00 
Robyn Regehr             0  1  1   2  0   1  0  1  0  0  0/0    13:13   0:00   4:15 
Rostislav Olesz          0  1  1   0  0   1  0  0  0  0  0/0     6:47   0:00   0:00 
Stephane Robidas         0  1  1   1  2   0  1  1  0  1  0/0    18:42   1:44   0:00 

3 Stars

1 - Dany Heatley (Phi)
2 - Sheldon Keefe (Chi)
3 - Mike York (Phi)

Power Play

Blackhawks - 2 on 7 Attempt(s) - 28,57%
Flyers - 0 on 2 Attempt(s) - 0,00%

Penalty Kill

Blackhawks - 2 on 2 Attempt(s) - 100,00% - Score 0 goal in Penalty Kill
Flyers - 5 on 7 Attempt(s) - 71,43% - Score 1 goal in Penalty Kill

Team Stat

Blackhawks - Hits : 17 - Faceoff Wins : 32 - Blocked Shots : 15 - Penalty Minutes : 4
Flyers - Hits : 14 - Faceoff Wins : 39 - Blocked Shots : 10 - Penalty Minutes : 14

Official

Referees : Rooney Chris and Morton Dean
Linesman : Mark Wheler and Darren Gibbs

Game Notes

No Game Note

Finance

Level 1 -- Attendance: 5389 (89,82%) -- Ticket Income 458 065 $
Level 2 -- Attendance: 4583 (91,66%) -- Ticket Income 229 150 $
Level 3 -- Attendance: 1911 (95,55%) -- Ticket Income 57 330 $
Level 4 -- Attendance: 3965 (99,13%) -- Ticket Income 79 300 $
Luxury Box -- Attendance: 892 (89,20%) -- Ticket Income 147 180 $
Game was played at the Wells Fargo Center.
Total Attendance: 16740 (93,00%)
Total Ticket Income: 971 025 $
Other Income: 145 654 $
Total Income: 1 116 679 $

Blackhawks

5 vs 5 Forward 
   Center                   Left Wing                Right Wing               Time % Phy DF OF 
 1 Robert Nilsson           Chris Higgins            Kris Versteeg            40     1   2  2  
 2 Pierre-Marc Bouchard     Henrik Zetterberg        Steve Bernier            30     1   2  2  
 3 Dominic Moore            Daniel Carcillo          Sheldon Keefe            20     1   2  2  
 4 Viktor Kozlov            Ryan Malone              Jamie Langenbrunner      10     1   2  2  

5 vs 5 Defense 
   Defense                  Defense                                           Time % Phy DF OF 
 1 Brent Burns              John Carlson                                      40     1   2  2  
 2 Andy Rogers              Jeff Schultz                                      30     1   2  2  
 3 Wes O'Neill              Chris Campoli                                     20     1   2  2  
 4 Brent Burns              Jeff Schultz                                      10     1   2  2  

PowerPlay Forward 
   Center                   Left Wing                Right Wing               Time % Phy DF OF 
 1 Robert Nilsson           Henrik Zetterberg        Kris Versteeg            60     1   2  2  
 2 Pierre-Marc Bouchard     Chris Higgins            Steve Bernier            40     1   2  2  

PowerPlay Defense
   Defense                  Defense                                           Time % Phy DF OF 
 1 Brent Burns              John Carlson                                      60     1   2  2  
 2 Jeff Schultz             Chris Campoli                                     40     1   2  2  

Penalty Kill 4 Players Forward 
   Center                   Wing                     Time % Phy DF OF 
 1 Dominic Moore            Jamie Langenbrunner      60     1   2  2  
 2 Viktor Kozlov            Sheldon Keefe            40     1   2  2  

Penalty Kill 4 Players Defense
   Defense                  Defense                  Time % Phy DF OF 
 1 Andy Rogers              Jeff Schultz             60     1   2  2  
 2 Wes O'Neill              Brent Burns              40     1   2  2  

Penalty Kill - 3 Players Forward 
   Forward                                           Time % Phy DF OF 
 1 Henrik Zetterberg                                 60     1   2  2  
 2 Dominic Moore                                     40     1   2  2  

Penalty Kill - 3 Players Defense
   Defense                  Defense                  Time % Phy DF OF 
 1 Brent Burns              Jeff Schultz             60     1   2  2  
 2 Andy Rogers              Brent Burns              40     1   2  2  

4 vs 4 Forward 
   Center                   Wing                     Time % Phy DF OF 
 1 Robert Nilsson           Kris Versteeg            60     1   2  2  
 2 Pierre-Marc Bouchard     Henrik Zetterberg        40     1   2  2  

4 vs 4 Defense
   Defense                  Defense                  Time % Phy DF OF 
 1 Brent Burns              John Carlson             60     1   2  2  
 2 Andy Rogers              Jeff Schultz             40     1   2  2  

Last Minutes Offensive
   Center                   Left Wing                Right Wing               Defense                  Defense                  
   Robert Nilsson           Henrik Zetterberg        Kris Versteeg            Brent Burns              Jeff Schultz             

Last Minutes Defensive
   Center                   Left Wing                Right Wing               Defense                  Defense                  
   Robert Nilsson           Henrik Zetterberg        Kris Versteeg            Brent Burns              Jeff Schultz             

Goaltenders
Starting : Tyler Weiman             
Backup : Jocelyn Thibault         

Extra Forwards
Normal : Dominic Moore, Daniel Carcillo, Sheldon Keefe - PP : Dominic Moore, Daniel Carcillo - PK : Sheldon Keefe
Extra Defensemen
Normal : Chris Campoli, Wes O'Neill, Andy Rogers - PP : Wes O'Neill - PK : Jeff Schultz, Andy Rogers
Penalty Shots
Henrik Zetterberg, Steve Bernier, Kris Versteeg, Pierre-Marc Bouchard, Robert Nilsson

Flyers

5 vs 5 Forward 
   Center                   Left Wing                Right Wing               Time % Phy DF OF 
 1 Jeff Carter              Dany Heatley             Martin St. Louis         35     1   0  4  
 2 Kyle Wellwood            Patrick Marleau          Loui Eriksson            35     0   0  5  
 3 Matthew Lombardi         Rostislav Olesz          Michael Ryder            15     0   3  2  
 4 Jeff O'Neill             Mike York                Michel Ouellet           15     0   3  2  

5 vs 5 Defense 
   Defense                  Defense                                           Time % Phy DF OF 
 1 Jeff Woywitka            Jonathan Ericsson                                 40     1   2  2  
 2 Stephane Robidas         Matt Smaby                                        40     1   2  2  
 3 James Wisniewski         Robyn Regehr                                      15     1   4  0  
 4 Jonathan Ericsson        Jeff Woywitka                                     5      1   2  2  

PowerPlay Forward 
   Center                   Left Wing                Right Wing               Time % Phy DF OF 
 1 Jeff Carter              Dany Heatley             Martin St. Louis         50     1   2  2  
 2 Kyle Wellwood            Patrick Marleau          Loui Eriksson            50     1   2  2  

PowerPlay Defense
   Defense                  Defense                                           Time % Phy DF OF 
 1 Jonathan Ericsson        Jeff Woywitka                                     50     1   2  2  
 2 Stephane Robidas         Matt Smaby                                        50     1   2  2  

Penalty Kill 4 Players Forward 
   Center                   Wing                     Time % Phy DF OF 
 1 Matthew Lombardi         Michel Ouellet           60     0   5  0  
 2 Kyle Wellwood            Dany Heatley             40     0   5  0  

Penalty Kill 4 Players Defense
   Defense                  Defense                  Time % Phy DF OF 
 1 Jeff Woywitka            Jonathan Ericsson        60     0   5  0  
 2 Robyn Regehr             Matt Smaby               40     0   5  0  

Penalty Kill - 3 Players Forward 
   Forward                                           Time % Phy DF OF 
 1 Matthew Lombardi                                  60     0   5  0  
 2 Kyle Wellwood                                     40     0   5  0  

Penalty Kill - 3 Players Defense
   Defense                  Defense                  Time % Phy DF OF 
 1 Stephane Robidas         Jeff Woywitka            60     0   5  0  
 2 Matt Smaby               Robyn Regehr             40     0   5  0  

4 vs 4 Forward 
   Center                   Wing                     Time % Phy DF OF 
 1 Jeff Carter              Martin St. Louis         50     1   2  2  
 2 Kyle Wellwood            Patrick Marleau          50     1   2  2  

4 vs 4 Defense
   Defense                  Defense                  Time % Phy DF OF 
 1 Jonathan Ericsson        Jeff Woywitka            50     1   2  2  
 2 Matt Smaby               Stephane Robidas         50     1   2  2  

Last Minutes Offensive
   Center                   Left Wing                Right Wing               Defense                  Defense                  
   Jeff Carter              Dany Heatley             Martin St. Louis         Stephane Robidas         Jeff Woywitka            

Last Minutes Defensive
   Center                   Left Wing                Right Wing               Defense                  Defense                  
   Matthew Lombardi         Dany Heatley             Martin St. Louis         Jeff Woywitka            Jonathan Ericsson        

Goaltenders
Starting : Cory Schneider           
Backup : Robin Lehner             

Extra Forwards
Normal : Jeff Carter, Martin St. Louis, Patrick Marleau - PP : Jeff Carter, Martin St. Louis - PK : Matthew Lombardi
Extra Defensemen
Normal : Jonathan Ericsson, Jeff Woywitka, Stephane Robidas - PP : Jonathan Ericsson - PK : Jeff Woywitka, Jonathan Ericsson
Penalty Shots
Patrick Marleau, Dany Heatley, Jeff Carter, Loui Eriksson, Kyle Wellwood

% Time on Ice - Blackhawks

Lines # - Real PCT - Wanted PCT - Time Play
Normal Forward
1 - 34% - 40% - 14:51
2 - 30% - 30% - 13:04
3 - 21% - 20% - 9:16
4 - 16% - 10% - 7:06
Normal Defense
1 - 39% - 40% - 17:04
2 - 36% - 30% - 16:03
3 - 20% - 20% - 9:04
4 - 5% - 10% - 2:06
PP Forward
1 - 58% - 60% - 6:50
2 - 42% - 40% - 4:55
PP Defense
1 - 62% - 60% - 7:16
2 - 38% - 40% - 4:29
PK Forward
1 - 82% - 60% - 3:16
2 - 18% - 40% - 0:42
PK Defense
1 - 53% - 60% - 2:05
2 - 47% - 40% - 1:53
PK3 Forward
1 - 0% - 60%
2 - 0% - 40%
PK3 Defense
1 - 0% - 60%
2 - 0% - 40%
44 Forward
1 - 0% - 60%
2 - 0% - 40%
44 Defense
1 - 0% - 60%
2 - 0% - 40%
Last Minute Offensive  - 0:00
Last Minute Defensive  - 0:00
Total
Forward - 60:00
Defense - 60:00

% Time on Ice - Flyers

Lines # - Real PCT - Wanted PCT - Time Play
Normal Forward
1 - 34% - 35% - 15:14
2 - 35% - 35% - 15:33
3 - 15% - 15% - 6:47
4 - 15% - 15% - 6:43
Normal Defense
1 - 38% - 40% - 16:50
2 - 41% - 40% - 18:09
3 - 17% - 15% - 7:37
4 - 4% - 5% - 1:41
PP Forward
1 - 49% - 50% - 1:56
2 - 51% - 50% - 2:02
PP Defense
1 - 56% - 50% - 2:14
2 - 44% - 50% - 1:44
PK Forward
1 - 71% - 60% - 8:23
2 - 29% - 40% - 3:22
PK Defense
1 - 64% - 60% - 7:30
2 - 36% - 40% - 4:15
PK3 Forward
1 - 0% - 60%
2 - 0% - 40%
PK3 Defense
1 - 0% - 60%
2 - 0% - 40%
44 Forward
1 - 0% - 50%
2 - 0% - 50%
44 Defense
1 - 0% - 50%
2 - 0% - 50%
Last Minute Offensive  - 0:00
Last Minute Defensive  - 0:00
Total
Forward - 60:00
Defense - 60:00

Play by Play

1st period


0:01 of 1st period - Robert Nilsson wins face-off versus Jeff Carter in neutral zone.
1:55 of 1st period - Slapshot by Loui Eriksson.
1:55 of 1st period - Stopped by Tyler Weiman without a rebound.
1:56 of 1st period - Kyle Wellwood wins face-off versus Pierre-Marc Bouchard in Blackhawks zone.
2:01 of 1st period - Snap shot by Kyle Wellwood.
2:01 of 1st period - Shot Hit the Post.
2:07 of 1st period - Wrist shot by Loui Eriksson.
2:07 of 1st period - Shot Blocked by Henrik Zetterberg.
2:11 of 1st period - Snap shot by Loui Eriksson.
2:11 of 1st period - Shot Blocked by Pierre-Marc Bouchard.
2:13 of 1st period - Slapshot by Loui Eriksson.
2:13 of 1st period - Goal by Loui Eriksson - Blackhawks : 0 - Flyers : 1.
2:14 of 1st period - Robert Nilsson wins face-off versus Kyle Wellwood in neutral zone.
2:41 of 1st period - Kyle Wellwood is hit by Steve Bernier.
2:45 of 1st period - Snap shot by Patrick Marleau.
2:45 of 1st period - Stopped by Tyler Weiman without a rebound.
2:46 of 1st period - Pierre-Marc Bouchard wins face-off versus Jeff Carter in Blackhawks zone.
3:37 of 1st period - Wrist shot by Jeff Carter.
3:37 of 1st period - Shot Misses the Net.
3:39 of 1st period - Slapshot by Robyn Regehr.
3:39 of 1st period - Shot Blocked by John Carlson.
3:41 of 1st period - Snap shot by Dany Heatley.
3:41 of 1st period - Shot Misses the Net.
3:43 of 1st period - Snap shot by James Wisniewski.
3:43 of 1st period - Shot Blocked by John Carlson.
3:45 of 1st period - Slapshot by Robyn Regehr.
3:45 of 1st period - Stopped by Tyler Weiman without a rebound.
3:46 of 1st period - Robert Nilsson wins face-off versus Matthew Lombardi in Blackhawks zone.
4:01 of 1st period - Wrist shot by Rostislav Olesz.
4:01 of 1st period - Stopped by Tyler Weiman with a rebound.
4:40 of 1st period - Snap shot by Jamie Langenbrunner.
4:40 of 1st period - Shot Misses the Net.
5:08 of 1st period - Snap shot by Mike York.
5:08 of 1st period - Shot Misses the Net.
5:12 of 1st period - Wrist shot by Mike York.
5:12 of 1st period - Deflect By Jeff Schultz.
5:12 of 1st period - Shot Blocked by Jeff Schultz.
5:12 of 1st period - Puck is out of play.
5:13 of 1st period - Robert Nilsson wins face-off versus Jeff O'Neill in Blackhawks zone.
5:45 of 1st period - Wrist shot by Sheldon Keefe.
5:45 of 1st period - Shot Misses the Net.
6:15 of 1st period - Wrist shot by Matthew Lombardi.
6:15 of 1st period - Goal by Matthew Lombardi - Blackhawks : 0 - Flyers : 2.
6:16 of 1st period - Kyle Wellwood wins face-off versus Robert Nilsson in neutral zone.
6:21 of 1st period - Snap shot by Patrick Marleau.
6:21 of 1st period - Stopped by Tyler Weiman without a rebound.
6:22 of 1st period - Kyle Wellwood wins face-off versus Robert Nilsson in Blackhawks zone.
6:51 of 1st period - Snap shot by Kyle Wellwood.
6:51 of 1st period - Shot Misses the Net.
7:05 of 1st period - Backhand shot by Robert Nilsson.
7:05 of 1st period - Stopped by Cory Schneider with a rebound.
7:07 of 1st period - Snap shot by Wes O'Neill.
7:07 of 1st period - Shot Misses the Net.
7:35 of 1st period - Snap shot by Robert Nilsson.
7:35 of 1st period - Stopped by Cory Schneider without a rebound.
7:36 of 1st period - Jeff Carter wins face-off versus Pierre-Marc Bouchard in Flyers zone.
8:00 of 1st period - Icing by Jeff Schultz.
8:01 of 1st period - Jeff O'Neill wins face-off versus Pierre-Marc Bouchard in Blackhawks zone.
8:04 of 1st period - Snap shot by Rostislav Olesz.
8:04 of 1st period - Shot Misses the Net.
8:16 of 1st period - Snap shot by Pierre-Marc Bouchard.
8:16 of 1st period - Shot Blocked by Matthew Lombardi.
8:18 of 1st period - Slapshot by Brent Burns.
8:18 of 1st period - Shot Blocked by Matthew Lombardi.
8:20 of 1st period - Snap shot by Pierre-Marc Bouchard.
8:20 of 1st period - Shot Misses the Net.
8:38 of 1st period - Snap shot by Jeff Carter.
8:38 of 1st period - Shot Misses the Net.
8:40 of 1st period - Slapshot by James Wisniewski.
8:40 of 1st period - Stopped by Tyler Weiman without a rebound.
8:41 of 1st period - Jeff Carter wins face-off versus Dominic Moore in Blackhawks zone.
9:06 of 1st period - Jeff Woywitka is hit by Sheldon Keefe and loses puck.
9:11 of 1st period - Snap shot by Dominic Moore.
9:11 of 1st period - Stopped by Cory Schneider without a rebound.
9:12 of 1st period - Jeff O'Neill wins face-off versus Robert Nilsson in Flyers zone.
9:19 of 1st period - Wrist shot by Mike York.
9:19 of 1st period - Stopped by Tyler Weiman with a rebound.
9:21 of 1st period - Snap shot by Michel Ouellet.
9:21 of 1st period - Deflect By Chris Higgins.
9:21 of 1st period - Stopped by Tyler Weiman with a rebound.
9:23 of 1st period - Snap shot by Jeff O'Neill.
9:23 of 1st period - Shot Misses the Net.
9:48 of 1st period - Snap shot by Kyle Wellwood.
9:48 of 1st period - Deflect By Brent Burns.
9:48 of 1st period - Shot Misses the Net.
9:48 of 1st period - Puck is out of play.
9:49 of 1st period - Jeff Carter wins face-off versus Robert Nilsson in Blackhawks zone.
10:00 of 1st period - Slapshot by Martin St. Louis.
10:00 of 1st period - Shot Misses the Net.
11:04 of 1st period - Brent Burns is hit by Stephane Robidas and loses puck.
11:48 of 1st period - Snap shot by Loui Eriksson.
11:48 of 1st period - Shot Misses the Net.
11:50 of 1st period - Snap shot by Kyle Wellwood.
11:50 of 1st period - Shot Misses the Net.
11:52 of 1st period - Slapshot by Jeff Woywitka.
11:52 of 1st period - Stopped by Tyler Weiman with a rebound.
12:05 of 1st period - Snap shot by Sheldon Keefe.
12:05 of 1st period - Stopped by Cory Schneider without a rebound.
12:06 of 1st period - Jeff O'Neill wins face-off versus Dominic Moore in Flyers zone.
12:51 of 1st period - Snap shot by Pierre-Marc Bouchard.
12:51 of 1st period - Deflect By Henrik Zetterberg.
12:51 of 1st period - Shot Misses the Net.
12:51 of 1st period - Puck is out of play.
12:52 of 1st period - Jeff Carter wins face-off versus Robert Nilsson in Flyers zone.
13:03 of 1st period - Wrist shot by Martin St. Louis.
13:03 of 1st period - Goal by Martin St. Louis - Blackhawks : 0 - Flyers : 3.
13:04 of 1st period - Robert Nilsson wins face-off versus Jeff Carter in neutral zone.
13:09 of 1st period - Snap shot by Chris Higgins.
13:09 of 1st period - Stopped by Cory Schneider without a rebound.
13:10 of 1st period - Robert Nilsson wins face-off versus Jeff Carter in Flyers zone.
13:21 of 1st period - Snap shot by Martin St. Louis.
13:21 of 1st period - Shot Misses the Net.
13:30 of 1st period - Icing by Brent Burns.
13:31 of 1st period - Kyle Wellwood wins face-off versus Robert Nilsson in Blackhawks zone.
13:34 of 1st period - Wrist shot by Loui Eriksson.
13:34 of 1st period - Shot Misses the Net.
14:07 of 1st period - Snap shot by Martin St. Louis.
14:07 of 1st period - Stopped by Tyler Weiman with a rebound.
14:09 of 1st period - Slapshot by Matt Smaby.
14:09 of 1st period - Stopped by Tyler Weiman with a rebound.
14:21 of 1st period - Wrist shot by Dominic Moore.
14:21 of 1st period - Stopped by Cory Schneider with a rebound.
14:23 of 1st period - Snap shot by Sheldon Keefe.
14:23 of 1st period - Shot Misses the Net.
14:25 of 1st period - Slapshot by Sheldon Keefe.
14:25 of 1st period - Goal by Sheldon Keefe - Blackhawks : 1 - Flyers : 3.
14:26 of 1st period - Kyle Wellwood wins face-off versus Robert Nilsson in neutral zone.
14:33 of 1st period - Wrist shot by Robert Nilsson.
14:33 of 1st period - Stopped by Cory Schneider without a rebound.
14:34 of 1st period - Robert Nilsson wins face-off versus Kyle Wellwood in Flyers zone.
14:45 of 1st period - Slapshot by Brent Burns.
14:45 of 1st period - Shot Blocked by Jonathan Ericsson.
15:05 of 1st period - Wrist shot by Kyle Wellwood.
15:05 of 1st period - Shot Misses the Net.
15:43 of 1st period - Wrist shot by Kyle Wellwood.
15:43 of 1st period - Deflect By Loui Eriksson.
15:43 of 1st period - Shot Misses the Net.
15:43 of 1st period - Puck is out of play.
15:44 of 1st period - Jeff Carter wins face-off versus Pierre-Marc Bouchard in Blackhawks zone.
15:47 of 1st period - Snap shot by Jeff Carter.
15:47 of 1st period - Deflect By Andy Rogers.
15:47 of 1st period - Shot Blocked by Andy Rogers.
15:47 of 1st period - Puck is out of play.
15:48 of 1st period - Pierre-Marc Bouchard wins face-off versus Dany Heatley in Blackhawks zone.
16:43 of 1st period - Slapshot by Chris Campoli.
16:43 of 1st period - Stopped by Cory Schneider with a rebound.
17:28 of 1st period - Kyle Wellwood is hit by John Carlson.
18:11 of 1st period - Snap shot by Robert Nilsson.
18:11 of 1st period - Shot Blocked by Jonathan Ericsson.
18:19 of 1st period - Andy Rogers is hit by Martin St. Louis and loses puck.
19:21 of 1st period - Jeff Woywitka is hit by Robert Nilsson.
19:31 of 1st period - Sheldon Keefe is hit by Jeff Carter and loses puck.
19:42 of 1st period - Jeff Carter is hit by Dominic Moore.
19:56 of 1st period - Icing by John Carlson.
19:57 of 1st period - Pierre-Marc Bouchard wins face-off versus Kyle Wellwood in Blackhawks zone.
Goals for this period are 1 for Blackhawks vs 3 for Flyers.
Shots for this period are 9 for Blackhawks vs 14 for Flyers.

2nd period


0:01 of 2nd period - Jeff Carter wins face-off versus Robert Nilsson in neutral zone.
0:35 of 2nd period - Snap shot by Pierre-Marc Bouchard.
0:35 of 2nd period - Stopped by Cory Schneider without a rebound.
0:36 of 2nd period - Pierre-Marc Bouchard wins face-off versus Kyle Wellwood in Flyers zone.
1:07 of 2nd period - Snap shot by Jeff Carter.
1:07 of 2nd period - Shot Blocked by Kris Versteeg.
1:09 of 2nd period - Snap shot by Jeff Carter.
1:09 of 2nd period - Stopped by Tyler Weiman without a rebound.
1:10 of 2nd period - Jeff Carter wins face-off versus Robert Nilsson in Blackhawks zone.
1:11 of 2nd period - Wrist shot by Martin St. Louis.
1:11 of 2nd period - Deflect By Jeff Carter.
1:11 of 2nd period - Shot Misses the Net.
1:11 of 2nd period - Puck is out of play.
1:12 of 2nd period - Jeff Carter wins face-off versus Robert Nilsson in Blackhawks zone.
1:13 of 2nd period - Snap shot by Martin St. Louis.
1:13 of 2nd period - Stopped by Tyler Weiman without a rebound.
1:14 of 2nd period - Jeff Carter wins face-off versus Robert Nilsson in Blackhawks zone.
1:41 of 2nd period - Loui Eriksson is hit by Henrik Zetterberg and loses puck.
2:30 of 2nd period - Wrist shot by Michel Ouellet.
2:30 of 2nd period - Shot Misses the Net.
2:45 of 2nd period - Off-side.
2:46 of 2nd period - Robert Nilsson wins face-off versus Jeff Carter in neutral zone.
3:03 of 2nd period - Backhand shot by Kris Versteeg.
3:03 of 2nd period - Stopped by Cory Schneider without a rebound.
3:04 of 2nd period - Pierre-Marc Bouchard wins face-off versus Kyle Wellwood in Flyers zone.
3:37 of 2nd period - Off-side.
3:38 of 2nd period - Jeff Carter wins face-off versus Robert Nilsson in neutral zone.
4:04 of 2nd period - Snap shot by Robert Nilsson.
4:04 of 2nd period - Shot Misses the Net.
4:06 of 2nd period - Minor Penalty to Martin St. Louis for Hooking.
4:07 of 2nd period - Robert Nilsson wins face-off versus Matthew Lombardi in Flyers zone.
4:08 of 2nd period - Slapshot by Kris Versteeg.
4:08 of 2nd period - Stopped by Cory Schneider without a rebound.
4:09 of 2nd period - Matthew Lombardi wins face-off versus Robert Nilsson in Flyers zone.
4:20 of 2nd period - Wrist shot by Matthew Lombardi.
4:20 of 2nd period - Shot Misses the Net.
4:24 of 2nd period - Snap shot by Matthew Lombardi.
4:24 of 2nd period - Deflect By Michel Ouellet.
4:24 of 2nd period - Stopped by Tyler Weiman without a rebound.
4:25 of 2nd period - Robert Nilsson wins face-off versus Matthew Lombardi in Blackhawks zone.
5:08 of 2nd period - Slapshot by Pierre-Marc Bouchard.
5:08 of 2nd period - Shot Misses the Net.
5:23 of 2nd period - Off-side.
5:24 of 2nd period - Jeff Carter wins face-off versus Robert Nilsson in neutral zone.
5:37 of 2nd period - Snap shot by Jeff Carter.
5:37 of 2nd period - Stopped by Tyler Weiman without a rebound.
5:38 of 2nd period - Matthew Lombardi wins face-off versus Pierre-Marc Bouchard in Blackhawks zone.
5:47 of 2nd period - Snap shot by Chris Higgins.
5:47 of 2nd period - Deflect By Steve Bernier.
5:47 of 2nd period - Goal by Steve Bernier - Blackhawks : 2 - Flyers : 3.
5:48 of 2nd period - Kyle Wellwood wins face-off versus Steve Bernier in neutral zone.
5:51 of 2nd period - Brent Burns is hit by Loui Eriksson and loses puck.
6:00 of 2nd period - Slapshot by Patrick Marleau.
6:00 of 2nd period - Shot Misses the Net.
6:14 of 2nd period - Pierre-Marc Bouchard is hit by Matthew Lombardi and loses puck.
6:37 of 2nd period - Steve Bernier is hit by Jeff O'Neill.
7:53 of 2nd period - Matt Smaby is hit by Ryan Malone and loses puck.
8:28 of 2nd period - Slapshot by Jeff Carter.
8:28 of 2nd period - Shot Blocked by Sheldon Keefe.
8:30 of 2nd period - Slapshot by Stephane Robidas.
8:30 of 2nd period - Shot Blocked by Chris Campoli.
8:32 of 2nd period - Snap shot by Stephane Robidas.
8:32 of 2nd period - Deflect By Martin St. Louis.
8:32 of 2nd period - Stopped by Tyler Weiman with a rebound.
8:42 of 2nd period - Slapshot by Patrick Marleau.
8:42 of 2nd period - Stopped by Tyler Weiman without a rebound.
8:43 of 2nd period - Kyle Wellwood wins face-off versus Jamie Langenbrunner in Blackhawks zone.
8:58 of 2nd period - Slapshot by Loui Eriksson.
8:58 of 2nd period - Shot Misses the Net.
9:02 of 2nd period - Slapshot by Kyle Wellwood.
9:02 of 2nd period - Shot Blocked by Jeff Schultz.
9:04 of 2nd period - Slapshot by Jonathan Ericsson.
9:04 of 2nd period - Shot Blocked by Viktor Kozlov.
9:06 of 2nd period - Wrist shot by Loui Eriksson.
9:06 of 2nd period - Shot Misses the Net.
9:08 of 2nd period - Slapshot by Kyle Wellwood.
9:08 of 2nd period - Stopped by Tyler Weiman with a rebound.
9:10 of 2nd period - Wrist shot by Jonathan Ericsson.
9:10 of 2nd period - Stopped by Tyler Weiman without a rebound.
9:11 of 2nd period - Dany Heatley wins face-off versus Robert Nilsson in Blackhawks zone.
9:54 of 2nd period - Slapshot by Steve Bernier.
9:54 of 2nd period - Shot Blocked by Robyn Regehr.
10:06 of 2nd period - Wrist shot by Jamie Langenbrunner.
10:06 of 2nd period - Stopped by Cory Schneider without a rebound.
10:07 of 2nd period - Jamie Langenbrunner wins face-off versus Kyle Wellwood in Flyers zone.
10:34 of 2nd period - Chris Higgins is hit by Martin St. Louis and loses puck.
10:47 of 2nd period - Jeff Woywitka is hit by Chris Campoli and loses puck.
10:58 of 2nd period - Slapshot by Jonathan Ericsson.
10:58 of 2nd period - Stopped by Tyler Weiman with a rebound.
11:36 of 2nd period - Henrik Zetterberg is hit by Matt Smaby and loses puck.
11:56 of 2nd period - Wrist shot by Pierre-Marc Bouchard.
11:56 of 2nd period - Stopped by Cory Schneider without a rebound.
11:57 of 2nd period - Jeff Carter wins face-off versus Robert Nilsson in Flyers zone.
11:59 of 2nd period - Minor Penalty to Martin St. Louis for Holding.
12:00 of 2nd period - Robert Nilsson wins face-off versus Matthew Lombardi in Flyers zone.
12:46 of 2nd period - Slapshot by Dany Heatley.
12:46 of 2nd period - Goal by Dany Heatley - Blackhawks : 2 - Flyers : 4.
12:47 of 2nd period - Robert Nilsson wins face-off versus Matthew Lombardi in neutral zone.
13:59 of 2nd period - Penalty to Martin St. Louis is over, Martin St. Louis is back on ice.
14:16 of 2nd period - Snap shot by Dany Heatley.
14:16 of 2nd period - Stopped by Tyler Weiman with a rebound.
14:18 of 2nd period - Slapshot by Jonathan Ericsson.
14:18 of 2nd period - Shot Misses the Net.
14:20 of 2nd period - Slapshot by Jeff Woywitka.
14:20 of 2nd period - Deflect By Jeff Carter.
14:20 of 2nd period - Stopped by Tyler Weiman without a rebound.
14:21 of 2nd period - Viktor Kozlov wins face-off versus Kyle Wellwood in Blackhawks zone.
14:21 of 2nd period - Viktor Kozlov is hit by Kyle Wellwood.
14:29 of 2nd period - Slapshot by Brent Burns.
14:29 of 2nd period - Stopped by Cory Schneider with a rebound.
14:36 of 2nd period - Minor Penalty to Stephane Robidas for Holding.
14:37 of 2nd period - Robert Nilsson wins face-off versus Matthew Lombardi in Flyers zone.
15:03 of 2nd period - Snap shot by Chris Higgins.
15:03 of 2nd period - Shot Blocked by Jeff Woywitka.
15:05 of 2nd period - Slapshot by Jeff Schultz.
15:05 of 2nd period - Deflect By Chris Higgins.
15:05 of 2nd period - Shot Blocked by Jonathan Ericsson.
15:05 of 2nd period - Puck is out of play.
15:06 of 2nd period - Matthew Lombardi wins face-off versus Pierre-Marc Bouchard in Flyers zone.
15:36 of 2nd period - Icing by Chris Campoli.
15:37 of 2nd period - Robert Nilsson wins face-off versus Matthew Lombardi in Blackhawks zone.
15:44 of 2nd period - Jonathan Ericsson is hit by Henrik Zetterberg and loses puck.
16:28 of 2nd period - Slapshot by Dany Heatley.
16:28 of 2nd period - Stopped by Tyler Weiman without a rebound.
16:29 of 2nd period - Robert Nilsson wins face-off versus Kyle Wellwood in Blackhawks zone.
16:36 of 2nd period - Penalty to Stephane Robidas is over, Stephane Robidas is back on ice.
16:59 of 2nd period - Wrist shot by Dominic Moore.
16:59 of 2nd period - Shot Misses the Net.
17:35 of 2nd period - Snap shot by Dany Heatley.
17:35 of 2nd period - Shot Blocked by Viktor Kozlov.
17:38 of 2nd period - Icing by Brent Burns.
17:39 of 2nd period - Kyle Wellwood wins face-off versus Viktor Kozlov in Blackhawks zone.
17:44 of 2nd period - Snap shot by Kyle Wellwood.
17:44 of 2nd period - Shot Blocked by John Carlson.
18:28 of 2nd period - Minor Penalty to Kyle Wellwood for Hooking.
18:29 of 2nd period - Robert Nilsson wins face-off versus Matthew Lombardi in Flyers zone.
18:37 of 2nd period - Wrist shot by Henrik Zetterberg.
18:37 of 2nd period - Deflect By Matt Smaby.
18:37 of 2nd period - Goal by Henrik Zetterberg - Blackhawks : 3 - Flyers : 4.
18:38 of 2nd period - Jeff Carter wins face-off versus Robert Nilsson in neutral zone.
18:48 of 2nd period - Wrist shot by Dany Heatley.
18:48 of 2nd period - Shot Misses the Net.
18:50 of 2nd period - Snap shot by Dany Heatley.
18:50 of 2nd period - Shot Misses the Net.
18:52 of 2nd period - Snap shot by Martin St. Louis.
18:52 of 2nd period - Stopped by Tyler Weiman without a rebound.
18:53 of 2nd period - Kyle Wellwood wins face-off versus Pierre-Marc Bouchard in Blackhawks zone.
19:01 of 2nd period - Minor Penalty to Loui Eriksson for Interference.
19:02 of 2nd period - Robert Nilsson wins face-off versus Matthew Lombardi in Flyers zone.
19:16 of 2nd period - Snap shot by Robert Nilsson.
19:16 of 2nd period - Stopped by Cory Schneider with a rebound.
19:18 of 2nd period - Snap shot by John Carlson.
19:18 of 2nd period - Stopped by Cory Schneider with a rebound.
Goals for this period are 2 for Blackhawks vs 1 for Flyers.
Shots for this period are 10 for Blackhawks vs 14 for Flyers.

3rd period


0:01 of 3rd period - Robert Nilsson wins face-off versus Matthew Lombardi in neutral zone.
1:01 of 3rd period - Penalty to Loui Eriksson is over, Loui Eriksson is back on ice.
1:04 of 3rd period - Loui Eriksson is hit by Sheldon Keefe and loses puck.
1:35 of 3rd period - Slapshot by Viktor Kozlov.
1:35 of 3rd period - Stopped by Cory Schneider without a rebound.
1:36 of 3rd period - Jeff Carter wins face-off versus Robert Nilsson in Flyers zone.
1:41 of 3rd period - Jonathan Ericsson is hit by Robert Nilsson and loses puck.
1:46 of 3rd period - Slapshot by Robert Nilsson.
1:46 of 3rd period - Shot Blocked by Jeff Woywitka.
2:02 of 3rd period - Kris Versteeg is hit by Loui Eriksson and loses puck.
2:17 of 3rd period - Snap shot by Robert Nilsson.
2:17 of 3rd period - Deflect By Michael Ryder.
2:17 of 3rd period - Shot Misses the Net.
2:17 of 3rd period - Puck is out of play.
2:18 of 3rd period - Pierre-Marc Bouchard wins face-off versus Jeff Carter in Flyers zone.
2:19 of 3rd period - Slapshot by Henrik Zetterberg.
2:19 of 3rd period - Shot Misses the Net.
2:21 of 3rd period - Backhand shot by Pierre-Marc Bouchard.
2:21 of 3rd period - Stopped by Cory Schneider without a rebound.
2:22 of 3rd period - Kyle Wellwood wins face-off versus Pierre-Marc Bouchard in Flyers zone.
2:31 of 3rd period - Wrist shot by Henrik Zetterberg.
2:31 of 3rd period - Stopped by Cory Schneider with a rebound.
2:57 of 3rd period - Wrist shot by Dominic Moore.
2:57 of 3rd period - Shot Blocked by Martin St. Louis.
2:59 of 3rd period - Wrist shot by Daniel Carcillo.
2:59 of 3rd period - Shot Blocked by Stephane Robidas.
3:05 of 3rd period - Minor Penalty to Matt Smaby for Tripping.
3:06 of 3rd period - Matthew Lombardi wins face-off versus Robert Nilsson in Flyers zone.
3:33 of 3rd period - John Carlson is hit by Dany Heatley.
3:54 of 3rd period - Icing by Kris Versteeg.
3:55 of 3rd period - Robert Nilsson wins face-off versus Matthew Lombardi in Blackhawks zone.
4:20 of 3rd period - Wrist shot by Pierre-Marc Bouchard.
4:20 of 3rd period - Shot Misses the Net.
5:05 of 3rd period - Penalty to Matt Smaby is over, Matt Smaby is back on ice.
5:32 of 3rd period - Jeff Carter is hit by Andy Rogers and loses puck.
5:37 of 3rd period - Snap shot by Jamie Langenbrunner.
5:37 of 3rd period - Stopped by Cory Schneider without a rebound.
5:38 of 3rd period - Robert Nilsson wins face-off versus Jeff O'Neill in Flyers zone.
5:53 of 3rd period - Snap shot by Kris Versteeg.
5:53 of 3rd period - Stopped by Cory Schneider with a rebound.
5:58 of 3rd period - Minor Penalty to Chris Campoli for Hooking.
5:59 of 3rd period - Jeff Carter wins face-off versus Dominic Moore in Blackhawks zone.
6:36 of 3rd period - Off-side.
6:37 of 3rd period - Jeff Carter wins face-off versus Sheldon Keefe in neutral zone.
7:03 of 3rd period - Wrist shot by Patrick Marleau.
7:03 of 3rd period - Stopped by Tyler Weiman without a rebound.
7:04 of 3rd period - Dominic Moore wins face-off versus Kyle Wellwood in Blackhawks zone.
7:04 of 3rd period - Dominic Moore is hit by Loui Eriksson.
7:58 of 3rd period - Penalty to Chris Campoli is over, Chris Campoli is back on ice.
8:00 of 3rd period - Chris Higgins is hit by Martin St. Louis and loses puck.
8:11 of 3rd period - Slapshot by Mike York.
8:11 of 3rd period - Deflect By Michel Ouellet.
8:11 of 3rd period - Stopped by Tyler Weiman without a rebound.
8:12 of 3rd period - Jeff O'Neill wins face-off versus Dominic Moore in Blackhawks zone.
8:13 of 3rd period - Snap shot by Mike York.
8:13 of 3rd period - Shot Blocked by Andy Rogers.
9:11 of 3rd period - Slapshot by Pierre-Marc Bouchard.
9:11 of 3rd period - Stopped by Cory Schneider with a rebound.
9:27 of 3rd period - Wrist shot by Matthew Lombardi.
9:27 of 3rd period - Shot Misses the Net.
9:29 of 3rd period - Wrist shot by Rostislav Olesz.
9:29 of 3rd period - Deflect By Matthew Lombardi.
9:29 of 3rd period - Shot Misses the Net.
9:29 of 3rd period - Puck is out of play.
9:30 of 3rd period - Kyle Wellwood wins face-off versus Chris Higgins in Blackhawks zone.
9:43 of 3rd period - Snap shot by Kyle Wellwood.
9:43 of 3rd period - Deflect By Chris Higgins.
9:43 of 3rd period - Shot Blocked by Robert Nilsson.
9:43 of 3rd period - Puck is out of play.
9:44 of 3rd period - Jeff Carter wins face-off versus Pierre-Marc Bouchard in Blackhawks zone.
9:56 of 3rd period - Minor Penalty to John Carlson for Roughing.
9:57 of 3rd period - Kyle Wellwood wins face-off versus Dominic Moore in Blackhawks zone.
10:43 of 3rd period - Snap shot by Viktor Kozlov.
10:43 of 3rd period - Stopped by Cory Schneider with a rebound.
11:18 of 3rd period - Icing by Stephane Robidas.
11:19 of 3rd period - Dominic Moore wins face-off versus Jeff Carter in Flyers zone.
11:36 of 3rd period - Martin St. Louis is hit by Sheldon Keefe and loses puck.
11:56 of 3rd period - Penalty to John Carlson is over, John Carlson is back on ice.
12:36 of 3rd period - Henrik Zetterberg is hit by Jeff O'Neill and loses puck.
12:55 of 3rd period - Rostislav Olesz is hit by Andy Rogers and loses puck.
13:30 of 3rd period - Snap shot by Mike York.
13:30 of 3rd period - Goal by Mike York - Blackhawks : 3 - Flyers : 5.
13:31 of 3rd period - Robert Nilsson wins face-off versus Kyle Wellwood in neutral zone.
13:40 of 3rd period - Snap shot by Robert Nilsson.
13:40 of 3rd period - Stopped by Cory Schneider with a rebound.
14:08 of 3rd period - Minor Penalty to Matt Smaby for Tripping.
14:09 of 3rd period - Matthew Lombardi wins face-off versus Robert Nilsson in Flyers zone.
14:22 of 3rd period - Backhand shot by Robert Nilsson.
14:22 of 3rd period - Stopped by Cory Schneider with a rebound.
14:24 of 3rd period - Snap shot by Henrik Zetterberg.
14:24 of 3rd period - Stopped by Cory Schneider without a rebound.
14:25 of 3rd period - Robert Nilsson wins face-off versus Matthew Lombardi in Flyers zone.
14:30 of 3rd period - Snap shot by Henrik Zetterberg.
14:30 of 3rd period - Shot Misses the Net.
15:03 of 3rd period - Jeff Woywitka is hit by Brent Burns and loses puck.
16:08 of 3rd period - Penalty to Matt Smaby is over, Matt Smaby is back on ice.
16:59 of 3rd period - Patrick Marleau is hit by Steve Bernier and loses puck.
18:05 of 3rd period - Kyle Wellwood is hit by Wes O'Neill and loses puck.
Goals for this period are 0 for Blackhawks vs 1 for Flyers.
Shots for this period are 10 for Blackhawks vs 3 for Flyers.